 Dungeon Crawl Stone Soup version 0.31.0-1-g2c135a008e (webtiles) character file.

Game seed: 13336040232207104420

29325 GreatBamboolord the Thaumaturge (level 13, 0/74 HPs)
             Began as a Deep Elf Earth Elementalist on Jan 18, 2024.
             Was a High Priest of Vehumet.
             Slain by a death yak (19 damage)
             ... on level 2 of the Lair of Beasts on Jan 20, 2024.
             The game lasted 00:34:08 (13626 turns).

GreatBamboolord the Thaumaturge (DEEE)             Turns: 13626, Time: 00:34:08

Health: 0/74       AC: 10    Str:  5    XL:     13   Next: 14%
Magic:  7/40       EV: 18    Int: 26    God:    Vehumet [*****.]
Gold:   617        SH:  0    Dex: 15    Spells: 0/37 levels left

rFire   . . .        t - +6 dagger (speed)
rCold   . . .        (no shield)
rNeg    . . .        a - +0 robe
rPois   .            J - +1 helmet
rElec   .            i - +2 cloak
rCorr   .            (no gloves)
SInv    .            k - +2 pair of boots
Will    +....        G - amulet of magic regeneration
Stlth   ++++         H - ring of magical power
HPRegen 0.32/turn    s - ring of wizardry
MPRegen 0.67/turn

%: wizardry (x1)
@: no status effects
A: no striking features
a: Renounce Religion


You were on level 2 of the Lair of Beasts.
You worshipped Vehumet.
Vehumet was extremely pleased with you.
You visited 3 branches of the dungeon, and saw 14 of its levels.
You also visited: Sewer and Ice Cave.

You collected 1002 gold pieces.
You spent 385 gold pieces at shops.

Inventory:

Hand Weapons
 j - a +1 dagger of venom
 t - a +6 dagger of speed (weapon)
Missiles
 K - 2 throwing nets
Armour
 a - a +0 robe (worn)
 i - a +2 cloak (worn)
 k - a +2 pair of boots (worn)
 p - the +1 robe of the Bells {Str-5 Dex+4}
   (You found it on level 2 of the Dungeon)

   Str-5:     It affects your strength (-5).
   Dex+4:     It affects your dexterity (+4).
 J - a +1 helmet (worn)
 O - a +2 buckler of cold resistance
Jewellery
 g - a ring of protection from cold
 q - an amulet of regeneration
 s - a ring of wizardry (right hand)
 u - an amulet of the acrobat
 G - an amulet of magic regeneration (around neck)
 H - a ring of magical power (left hand)
 L - a +5 ring of evasion
 N - a ring of protection from cold
Wands
 e - a wand of polymorph (2)
 y - a wand of quicksilver (5)
 D - a wand of paralysis (36)
 E - a wand of mindburst (3)
 Q - a wand of flame (8)
Scrolls
 c - 6 scrolls of fog
 h - 7 scrolls of fear
 l - 11 scrolls of teleportation
 w - a scroll of noise
 z - 2 scrolls of immolation
 A - a scroll of brand weapon
 B - 4 scrolls of poison
 C - 3 scrolls of amnesia
 F - 2 scrolls of butterflies
 I - a scroll of enchant weapon
 P - 2 scrolls of silence
Potions
 b - 4 potions of magic
 d - a potion of heal wounds
 f - 3 potions of attraction
 m - 3 potions of degeneration
 n - 5 potions of haste
 o - 5 potions of curing
 r - 4 potions of ambrosia
 v - 4 potions of might
 x - 2 potions of enlightenment {unknown}
 M - a potion of brilliance {unknown}
 R - a potion of mutation {unknown}


   Skills:
 + Level 5.6 Fighting
 * Level 11.7 Dodging
 + Level 9.4 Stealth
 * Level 12.8 Spellcasting
 * Level 10.6 Conjurations
 * Level 5.1 Fire Magic
 * Level 11.0 Earth Magic
 * Level 5.5 Alchemy


You couldn't memorise any spells.
You knew the following spells:

 Your Spells              Type           Power      Damage    Failure   Level
a - Sandblast             Erth           100%       2d20      1%          1
b - Stone Arrow           Conj/Erth      100%       3d13      1%          3
c - Passwall              Erth           65%        N/A       1%          3
d - Brom's Barrelling Bo  Conj/Erth      65%        2d8       1%          4
e - Petrify               Alch/Erth      56%        N/A       1%          4
f - Olgreb's Toxic Radia  Alch           45%        N/A       1%          4
g - Iskenderun's Battles  Conj           64%        2d11      1%          5
h - Fireball              Conj/Fire      27%        3d12      1%          5
i - Sticky Flame          Fire/Alch      44%        2d8       1%          4
j - Iskenderun's Mystic   Conj/Tloc      44%        2d10      1%          4

Your spell library contained the following spells:

 Spells                   Type           Power      Damage    Failure   Level
 Apportation              Tloc           32%        N/A       1%          1
 Freeze                   Ice            64%        1d7       1%          1
 Necrotise                Necr           64%        1d7       1%          1
 Slow                     Hex            64%        N/A       1%          1
 Sting                    Conj/Alch      100%       1d9       1%          1
 Summon Small Mammal      Summ           64%        N/A       1%          1
 Cigotuvi's Dreadful Rot  Necr/Alch/Air  52%        N/A       1%          2
 Frozen Ramparts          Ice            32%        1d5       1%          3
 Hailstorm                Conj/Ice       44%        3d9       1%          3
 Confusing Touch          Hex            16%        N/A       4%          3
 Fugue of the Fallen      Necr           16%        N/A       4%          3
 Ozocubu's Armour         Ice            16%        N/A       4%          3
 Sigil of Binding         Hex            16%        N/A       4%          3
 Vampiric Draining        Necr           16%        2d7       4%          3
 Orb of Destruction       Conj           32%        9d10      4%          7
 Conjure Ball Lightning   Conj/Air       22%        3x3d6     6%          6
 Dispel Undead            Necr           16%        3d10      14%         4
 Manifold Assault         Tloc           16%        N/A       14%         4
 Martyr's Knell           Necr/Summ      16%        N/A       14%         4
 Death Channel            Necr           8%         N/A       88%         6


Dungeon Overview and Level Annotations

Branches:
Dungeon (11/15)            Temple (1/1) D:6            Lair (2/5) D:11
  Snake (0/4) Lair:2          Orc (0/2) D:10          Sewer (visited)
  IceCv (visited)
  Swamp: Lair:2-3    Shoals: Lair:2-3

Altars:
Ashenzari
Cheibriados
Dithmenos
Elyvilon
Fedhas
Gozag
Hepliaklqana
Kikubaaqudgha
Makhleb
Nemelex Xobeh
Okawaru
Qazlal
Ru
Sif Muna
Trog
Uskayaw
Vehumet
Wu Jian
Xom
Yredelemnul
Zin
The Shining One

Shops:
D:4 *   D:6 *


Message History

Casting: Olgreb's Toxic Radiance (safe; 1% risk of failure)
Confirm with . or Enter, or press ? or * to list all spells.
You erupt in a blast of force!
The mystic blast hits the plant!
The plant begins to die.
The plant is lightly damaged.
The mystic blast hits the death yak.
The death yak is moderately wounded.
The death yak is knocked back by the mystic blast.
The mystic blast hits the death yak!
The death yak is almost dead.
The death yak is knocked back by the mystic blast.
The mystic blast hits the death yak but does no damage.
The death yak is heavily wounded.
The death yak looks more healthy.
The death yak gores you!!
Unknown command.
Casting: Iskenderun's Mystic Blast (safe; 1% risk of failure)
Confirm with . or Enter, or press ? or * to list all spells.
Aiming: Fireball (dangerous; 1% risk of failure)
Press: ? - help, Shift-Dir - straight line, p - death yak The fireball explodes!
The fireball engulfs the death yak!!
The death yak is severely wounded.
The fireball engulfs the death yak!
You kill the death yak!
Vehumet accepts your kill.
You feel your power returning.
The fireball engulfs the death yak.
The death yak is heavily wounded.
The death yak gores you!
* * * LOW HITPOINT WARNING * * *
Unknown command.
Casting: Fireball (dangerous; 1% risk of failure)
Confirm with . or Enter, or press ? or * to list all spells.
Aiming: Fireball (dangerous; 1% risk of failure)
Press: ? - help, Shift-Dir - straight line, f - death yak
Aim: a death yak (heavily wounded, very poisoned)
The fireball explodes!
The fireball engulfs the death yak!
The death yak is severely wounded.
The fireball engulfs the death yak!
The death yak is almost dead.
The death yak gores you!!
You die...

#......# ## ## ##..†...
P####.# #.....# ......#
###...##### ......#
#.........# ......#
##........###
......##########..†(.....P.##
............<...YY..#P......##
#...............@...###......#
#...>.......................##
......P##.#.##P..#####P....##
.......########### #......#
#.>...P# #.....## ......##
##....# #.....# #....# P.....#
.....# ......#### ......


You could see 2 death yaks.

Vanquished Creatures
  Gastronok (D:8)
  2 ironbound frosthearts (IceCv)
  2 two-headed ogres
  9 death yaks
  A skyshark (Lair:2)
  Pikel (D:8)
  2 centaur zombies (D:11)
  An ice statue (IceCv)
  2 black mambas (Lair:2)
  2 cane toads (Lair:1)
  A rime drake (Lair:1)
  A troll (D:11)
  9 polar bears
  Prince Ribbit (D:6)
  2 wraiths
  A shadow (D:11)
  3 wyverns
  40 yaks
  2 basilisks (Lair:1)
  A steam dragon (Lair:2)
  13 vampire mosquitoes
  5 water moccasins
  An acid dragon (D:11)
  Duvessa (D:5)
  A sky beast (D:8)
  6 orc warriors
  3 ice beasts
  17 wolves
  2 ogres
  3 centaurs
  A phantom (D:5)
  2 kobold brigands (D:9)
  2 lemures (D:8)
  A gnoll sergeant (D:11)
  6 bullfrogs
  2 scorpions (D:5)
  4 wights (D:9)
  Dowan (D:5)
  20 killer bees
  4 howler monkeys
  3 orc priests
  2 jellies
  3 hounds
  A gnoll bouda (D:4)
  3 sleepcaps
  9 orc wizards
  A hell rat (Sewer)
  A wolf simulacrum (Lair:1)
  6 adders
  8 gnolls
  4 river rats (Sewer)
  A shadow imp (D:7)
  2 white imps
  4 dart slugs
  3 ribbon worms
  40 orcs
  7 endoplasms
  8 giant cockroaches
  9 goblins
  9 hobgoblins
  3 quokkas
  5 ball pythons
  3 bats
  3 frilled lizards
  19 kobolds
  5 rats
341 creatures vanquished.

Vanquished Creatures (collateral kills)
  An orc priest (D:4)
  An orc (D:4)
  4 boulders
6 creatures vanquished.

Grand Total: 347 creatures vanquished

Notes
Turn   | Place    | Note
-------+----------+-------------------------------------------
     0 | D:1      | GreatBamboolord the Deep Elf Earth Elementalist began the
                  | quest for the Orb.
     0 | D:1      | Reached XP level 1. HP: 10/10 MP: 6/6
   312 | D:1      | Reached XP level 2. HP: 15/15 MP: 6/8
   840 | D:1      | Reached XP level 3. HP: 19/19 MP: 5/9
   844 | D:1      | Learned a level 3 spell: Stone Arrow
   848 | D:1      | Learned a level 3 spell: Passwall
  1181 | D:2      | Identified the +1 robe of the Bells {Str-5 Dex+4}
  1941 | D:2      | Reached XP level 4. HP: 24/24 MP: 7/11
  2325 | D:3      | Found a glowing drain.
  2356 | Sewer    | Entered a sewer
  2371 | Sewer    | Reached skill level 4 in Spellcasting
  2393 | Sewer    | Reached XP level 5. HP: 28/28 MP: 0/13
  2525 | Sewer    | Learned a level 4 spell: Brom's Barrelling Boulder
  2534 | Sewer    | Reached skill level 1 in Fighting
  2771 | D:3      | Identified the +4 sling of Boluergh {flame, Str+5}
  3375 | D:4      | Found Venerod's Assorted Antiques.
  3415 | D:4      | Bought a glowing red potion for 19 gold pieces
  3415 | D:4      | Bought a scroll of identify for 44 gold pieces
  3415 | D:4      | Bought 3 scrolls of identify for 132 gold pieces
  3415 | D:4      | Bought a scroll labelled SUIJOXUOWN for 22 gold pieces
  3494 | D:4      | Reached XP level 6. HP: 32/34 MP: 7/14
  3812 | D:4      | Noticed an orc warrior
  3860 | D:4      | Killed an orc warrior
  3861 | D:4      | Reached skill level 5 in Spellcasting
  4341 | D:5      | Entered Level 5 of the Dungeon
  4373 | D:5      | Reached XP level 7. HP: 38/38 MP: 11/16
  4511 | D:5      | Reached skill level 5 in Earth Magic
  4671 | D:5      | Reached skill level 5 in Dodging
  4671 | D:5      | Noticed Dowan
  4674 | D:5      | Noticed Duvessa
  4680 | D:5      | Killed Duvessa
  4681 | D:5      | Reached skill level 6 in Spellcasting
  4681 | D:5      | Killed Dowan
  4695 | D:5      | Reached XP level 8. HP: 23/44 MP: 1/19
  5220 | D:6      | Reached skill level 5 in Conjurations
  5263 | D:6      | Reached skill level 5 in Stealth
  5321 | D:6      | Found a staircase to the Ecumenical Temple.
  5347 | Temple   | Entered the Ecumenical Temple
  5371 | Temple   | Became a worshipper of Vehumet
  5496 | D:6      | Found Ukhluerchi's General Store.
  5504 | D:6      | Bought a scroll of butterflies for 56 gold pieces
  5504 | D:6      | Bought a potion of curing for 42 gold pieces
  5504 | D:6      | Bought a potion of degeneration for 14 gold pieces
  5504 | D:6      | Bought a scroll of fear for 56 gold pieces
  5684 | D:6      | Noticed Prince Ribbit
  5688 | D:6      | Killed Prince Ribbit
  5689 | D:6      | Reached skill level 7 in Spellcasting
  6115 | D:7      | Reached XP level 9. HP: 49/49 MP: 16/22
  6211 | D:7      | Learned a level 4 spell: Petrify
  6513 | D:8      | Reached * piety under Vehumet
  6513 | D:8      | Offered knowledge of Kiss of Death by Vehumet.
  6583 | D:8      | Reached skill level 8 in Spellcasting
  6667 | D:8      | Found a snail-covered altar of Cheibriados.
  6934 | D:8      | Noticed Gastronok
  6945 | D:8      | Killed Gastronok
  6946 | D:8      | Reached skill level 9 in Spellcasting
  6978 | D:8      | Upgraded the game from 0.31-b1-22-gc680215f68 to
                  | 0.31.0-1-g2c135a008e
  6984 | D:8      | Found a glowing silver altar of Zin.
  6984 | D:8      | Noticed Pikel
  6992 | D:8      | Killed Pikel
  6993 | D:8      | Reached XP level 10. HP: 56/56 MP: 25/25
  7046 | D:8      | Found a shimmering blue altar of Sif Muna.
  7053 | D:8      | Found a bloodstained altar of Trog.
  7058 | D:8      | Found an ornate altar of the Wu Jian Council.
  7264 | D:9      | Found a broken altar of Ashenzari.
  7349 | D:9      | Found a sparkling altar of Nemelex Xobeh.
  7406 | D:9      | Noticed a two-headed ogre
  7417 | D:9      | Killed a two-headed ogre
  7680 | D:10     | Entered Level 10 of the Dungeon
  7697 | D:10     | Reached skill level 10 in Spellcasting
  7844 | D:10     | Reached ** piety under Vehumet
  7850 | D:10     | Offered knowledge of Shock by Vehumet.
  8048 | D:10     | Found a staircase to the Orcish Mines.
  8147 | D:10     | Reached XP level 11. HP: 61/61 MP: 27/27
  8194 | D:10     | Offered knowledge of Volatile Blastmotes by Vehumet.
  8703 | D:11     | Reached *** piety under Vehumet
  8946 | D:11     | Offered knowledge of Olgreb's Toxic Radiance by Vehumet.
  8951 | D:11     | Reached skill level 10 in Dodging
  8951 | D:11     | Reached skill level 11 in Spellcasting
  8957 | D:11     | Learned a level 4 spell: Olgreb's Toxic Radiance
  9010 | D:11     | Found a staircase to the Lair.
  9161 | D:11     | Noticed a two-headed ogre
  9168 | D:11     | Killed a two-headed ogre
  9169 | D:11     | Reached skill level 1 in Alchemy
  9185 | D:11     | Learned a level 5 spell: Iskenderun's Battlesphere
  9191 | D:11     | Learned a level 5 spell: Fireball
  9408 | D:11     | Found a basalt altar of Yredelemnul.
  9680 | Lair:1   | Entered Level 1 of the Lair of Beasts
  9680 | Lair:1   | Found a frozen archway.
  9685 | Lair:1   | Reached skill level 1 in Fire Magic
  9694 | IceCv    | Entered an ice cave
 10015 | IceCv    | Noticed a death yak
 10025 | IceCv    | Reached **** piety under Vehumet
 10032 | IceCv    | Killed a death yak
 10033 | IceCv    | Reached skill level 10 in Earth Magic
 10276 | IceCv    | Reached skill level 5 in Fighting
 10280 | IceCv    | Reached XP level 12. HP: 68/68 MP: 19/29
 10310 | IceCv    | Offered knowledge of Sticky Flame by Vehumet.
 10536 | IceCv    | Noticed a death yak
 10537 | IceCv    | Noticed a death yak
 10565 | IceCv    | Killed a death yak
 10581 | IceCv    | Killed a death yak
 10646 | IceCv    | Reached skill level 12 in Spellcasting
 10916 | IceCv    | Noticed a death yak
 10917 | IceCv    | Noticed a death yak
 10931 | IceCv    | Killed a death yak
 10932 | IceCv    | Reached skill level 10 in Conjurations
 10983 | IceCv    | Noticed an ironbound frostheart
 11035 | IceCv    | Learned a level 4 spell: Sticky Flame
 11338 | IceCv    | Killed an ironbound frostheart
 11365 | IceCv    | Killed a death yak
 11505 | IceCv    | Noticed an ironbound frostheart
 11511 | IceCv    | Killed an ironbound frostheart
 11601 | IceCv    | HP: 3/68 [something (12)]
 12646 | Lair:1   | Reached ***** piety under Vehumet
 12647 | Lair:1   | Reached skill level 5 in Alchemy
 12926 | Lair:1   | Identified the +0 buckler of the Valley {Rampage Str+3
                  | Stlth+}
 13396 | Lair:2   | Reached XP level 13. HP: 64/73 MP: 26/31
 13436 | Lair:2   | Offered knowledge of Iskenderun's Mystic Blast by Vehumet.
 13444 | Lair:2   | Learned a level 4 spell: Iskenderun's Mystic Blast
 13541 | Lair:2   | Found a staircase to the Snake Pit.
 13614 | Lair:2   | Reached skill level 5 in Fire Magic
 13626 | Lair:2   | Slain by a death yak

Illustrated notes

Levels and vault maps discovered:
D:1:      tekkud_arrival_beachfront_property, layout_loops_ring
D:2:      layout_basic
D:3:      layout_basic, gup_sewer_entry_glass, chequers_decorated_corner
D:4:      layout_cave_pools, serial_shops, shop,
          serial_library_hellmonk_small_alcove
D:5:      layout_rooms, uniq_duvessa
D:6:      layout_loops_ring, minmay_temple_entry_large_hall, serial_shops,
          nicolae_shop_tiny_statue_garden, uniq_prince_ribbit1
D:7:      layout_basic, sigmund_army
D:8:      layout_basic, zin_academy, kennysheep_slug_shrine,
          grunt_temple_overflow_diamond, uniq_pikel, uniq_gastronok
D:9:      layout_rooms, nemelex_diamond_rough_becter,
          cheibrodos_ashenzari_chains
D:10:     layout_basic, hiddenorc1_lemuel
D:11:     layout_basic, lair_entry_dummy, lemuel_zombie_altar_yredelemnul
Temple:   bh_familiar_temple
Lair:1:   layout_cave_pods, portal_ice_cave_entry_ice_simulacra
Lair:2:   layout_cellular_growth, minmay_shoals_entry_beasts, dummy_snake_entry

Skill      XL: |  1  2  3  4  5  6  7  8  9 10 11 12 13 |
---------------+----------------------------------------+-----
Dodging        | 3 4 5 6 8 9 10 11 | 11.7
Conjurations   | 2 3 4 5 7 8 9 10 | 10.6
Stealth        | 3 4 5 6 7 8 9 |  9.4
Spellcasting   | 4 5 6 7 9 10 11 12 | 12.8
Earth Magic    | 4 5 6 7 9 10 11 | 11.0
Fighting       | 1 2 3 4 5 |  5.6
Alchemy        | 3 5 |  5.5
Fire Magic     | 2 4 5 |  5.1

Action                     |  1- 3 |  4- 6 |  7- 9 | 10-12 | 13-15 || total
---------------------------+-------+-------+-------+-------+-------++-------
  Melee: Dagger            |       |    26 |    18 |    22 |     2 ||    68
         Punch             |       |     1 |     1 |     1 |       ||     3
   Cast: Sandblast         |    52 |    70 |    52 |       |       ||   174
         Stone Arrow       |       |     8 |    70 |   383 |     8 ||   469
         Brom's Barrelling |       |     3 |       |     3 |       ||     6
         Petrify           |       |       |       |     8 |       ||     8
         Fireball          |       |       |       |    12 |     7 ||    19
         Iskenderun's Batt |       |       |       |     6 |     1 ||     7
         Olgreb's Toxic Ra |       |       |       |     5 |     2 ||     7
         Sticky Flame      |       |       |       |     1 |       ||     1
         Iskenderun's Myst |       |       |       |       |     1 ||     1
    Use: Scroll            |     1 |    15 |     6 |     4 |       ||    26
         Potion            |       |       |       |     2 |       ||     2
   Stab: Sleeping          |       |     1 |     5 |     4 |       ||    10
         Petrified         |       |       |       |     5 |       ||     5
 Armour: Robe              |     1 |    29 |    45 |   157 |     6 ||   238
  Dodge: Dodged            |     5 |    38 |    59 |   233 |     4 ||   339
